 Dungeon Crawl Stone Soup version 0.29.1-15-g9cfb28693d (webtiles) character file.

Game seed: 1955846349481031375

112 devnull the Poker (level 4, -9/33 HPs)
             Began as a Merfolk Gladiator on Apr 2, 2023.
             Killed by divine providence
             ... invoked by an orc priest
              (15 damage)
             ... on level 2 of the Dungeon.
             The game lasted 00:03:30 (1939 turns).

devnull the Poker (Merfolk Gladiator)               Turns: 1939, Time: 00:03:31

Health: -9/33      AC:  8    Str: 16    XL:     4   Next: 95%
Magic:  4/4        EV: 13    Int:  7    God:
Gold:   64         SH:  0    Dex: 15    Spells: 3/3 levels left

rFire   . . .      SeeInvis .   a - +0 trident
rCold   . . .      Faith    .   (no shield)
rNeg    . . .      Spirit   .   b - +0 leather armour
rPois   .          Reflect  .   c - +0 helmet
rElec   .          Harm     .   (no cloak)
rCorr   .          Rampage  .   (no gloves)
Will    +....                   (no boots)
Stlth   +.........              (no amulet)
HPRegen 0.11/turn               h - +4 ring of protection
MPRegen 0.09/turn               n - ring of willpower

@: no status effects
A: (nimble swimmer 2), mertail
a: no special abilities


You were on level 2 of the Dungeon.
You visited 1 branch of the dungeon, and saw 2 of its levels.

You collected 64 gold pieces.

Inventory:

Hand Weapons
 a - a +0 trident (weapon)
Missiles
 d - a throwing net (quivered)
 e - a javelin
 i - 6 datura-tipped darts
Armour
 b - a +0 leather armour (worn)
 c - a +0 helmet (worn)
Jewellery
 h - a +4 ring of protection (left hand)
 n - a ring of willpower (right hand)
Scrolls
 g - 2 scrolls of magic mapping
 k - a scroll of enchant armour {unknown}
 o - a scroll of enchant weapon {unknown}
Potions
 f - 2 potions of mutation {unknown}
 j - a potion of heal wounds {unknown}
 l - a potion of might {unknown}


   Skills:
 - Level 2.1 Fighting
 + Level 7.2 Polearms
 - Level 2.0 Throwing
 - Level 4.0 Dodging


You had 3 spell levels left.
You didn't know any spells.
Your spell library was empty.

Dungeon Overview and Level Annotations

Branches:
Dungeon (2/15)

Altars:


Innate Abilities, Weirdness & Mutations

((You are very nimble when in or above water. (Stealth+, EV+, Speed+++)))
Your lower body shifts to a powerful aquatic tail in water.


Message History

You closely miss the bat. The bat hits you but does no damage.
The bat barely misses you. The bat misses you.
You closely miss the bat. The bat hits you but does no damage.
You puncture the bat!
You kill the bat!
No target in view!
No target in view!
You open the door. You open the door.
A rat comes into view.
There is an open door here.
You hit the rat.
You kill the rat!
No target in view!
No target in view!
You see here a rat corpse.
The orc priest shouts!
The orc priest invokes the aid of Beogh against you.
Beogh smites you!
The orc priest mumbles some strange prayers to Beogh against you.
Beogh smites you!
* * * LOW HITPOINT WARNING * * *
You are too injured to fight recklessly!
You are too injured to fight recklessly!
You are too injured to fight recklessly!
Unknown command.
Unknown command.
Throw: 3 throwing nets
Press: ? - help, Shift-Dir - straight line, f - orc priest
Aim: an orc priest, wielding a +0 flail (60% to hit)
You throw a throwing net.
The throwing net barely misses the orc priest.
Throw: 2 throwing nets
Press: ? - help, Shift-Dir - straight line, f/p - orc priest
Aim: an orc priest, wielding a +0 flail (60% to hit)
You throw a throwing net. The throwing net hits the orc priest.
The orc priest is caught in the net!
The orc priest mumbles some strange prayers to Beogh against you.
Beogh smites you!
You die...

..#.####...###.#
#.......######. #.#....#.#.#
#.#(##.......'......
#.####.#.#.#
#.#.##.......####### ###
#...#.###.#.##.......#
#####.....#.##.......#######
#######.##.......'..##..
#.##.......##.##.#
#o##...[...##.##.#
#@##.......##....#
#############.################
#.............# #
###.############# # #.......#
# #.......# # ##.......#
############ .'†......#
#..........# ##.......#
#..........#


You could see an orc priest (caught).

Vanquished Creatures
  5 adders (D:2)
  3 dart slugs
  2 orcs (D:2)
  4 ball pythons
  8 bats
  6 endoplasms
  A giant cockroach (D:1)
  6 hobgoblins
  11 jackals
  3 kobolds (D:1)
  2 quokkas (D:1)
  A frilled lizard (D:1)
  2 rats
54 creatures vanquished.

Vanquished Creatures (others)
  2 plants (D:1)
2 creatures vanquished.

Grand Total: 56 creatures vanquished

Notes
Turn   | Place    | Note
-------+----------+-------------------------------------------
     0 | D:1      | devnull the Merfolk Gladiator began the quest for the Orb.
     0 | D:1      | Reached XP level 1. HP: 16/16 MP: 1/1
   209 | D:1      | Reached XP level 2. HP: 22/22 MP: 2/2
   251 | D:1      | Reached skill level 5 in Polearms
   398 | D:1      | Reached XP level 3. HP: 27/27 MP: 3/3
   432 | D:1      | Found a faded altar of an unknown god.
   783 | D:1      | Reached skill level 6 in Polearms
  1228 | D:2      | Reached XP level 4. HP: 33/33 MP: 4/4
  1287 | D:2      | HP: 1/33 [orc priest/divine providence (13)]
  1682 | D:2      | Reached skill level 7 in Polearms
  1939 | D:2      | Killed from afar by an orc priest

Illustrated notes

Levels and vault maps discovered:
D:1:      dpeg_arrival_fog, layout_loops_corners,
          dreamdust_ecumenical_altar_statues,
          nicolae_concentric_dashed_squares_mild, serial_bayou_pond_e,
          serial_bayou_pond_d, fountainhead
D:2:      cheibrodos_pilgrimage, layout_basic

Skill      XL: |  1  2  3  4 |
---------------+-------------+-----
Polearms       | 5 6 7 |  7.2
Fighting       | |  2.1
Throwing       | |  2.0
Dodging        | |  4.0

Action                   |  1- 3 |  4- 6 || total
-------------------------+-------+-------++-------
Melee: Trident           |    92 |    60 ||   152
       Punch             |     4 |       ||     4
       Tailslap          |     1 |       ||     1
Throw: Throwing net      |       |     2 ||     2
  Use: Scroll            |       |     2 ||     2
       Potion            |       |     2 ||     2
 Stab: Sleeping          |     4 |     1 ||     5
       Distracted        |       |     2 ||     2
Armor: Leather armour    |    16 |    15 ||    31
Dodge: Dodged            |    44 |    39 ||    83
